 Dungeon Crawl Stone Soup version 0.27-a0-1202-ge72e49191c (webtiles) character file.

Game seed: 15543438843391140826

11249 Delamore the Spear-Bearer (level 12, 0/86 HPs)
             Began as a Formicid Fighter on June 3, 2021.
             Was a Priest of Qazlal.
             Slain by a blink frog (9 damage)
             ... on level 2 of the Lair of Beasts.
             The game lasted 00:12:42 (11200 turns).

Delamore the Spear-Bearer (Formicid Fighter)       Turns: 11200, Time: 00:12:42

Health: 0/86       AC: 12    Str: 26    XL:     12   Next: 5%
Magic:  16/16      EV:  9    Int:  8    God:    Qazlal [***...]
Gold:   381        SH: 15    Dex: 10    Spells: 11/11 levels left

rFire    . . .     SeeInvis +   t - +0 glaive (freeze)
rCold    . . .     Faith    .   c - +0 kite shield
rNeg     . . .     Spirit   .   b - +0 scale mail
rPois    .         Reflect  .   (helmet unavailable)
rElec    .         Harm     .   y - scarf {shadows}
rCorr    +         Rampage  .   f - +0 pair of gloves
Will     +....                  (no boots)
Stlth    ..........             (no amulet)
HPRegen  0.24/turn              h - +4 ring of protection
MPRegen  0.15/turn              s - ring of resist corrosion

@: very slightly contaminated, invisible
A: permanent stasis, dig shafts and tunnels, antennae 3, four strong arms
a: Dig, Shaft Self, Renounce Religion, Upheaval, Elemental Force


You were on level 2 of the Lair of Beasts.
You worshipped Qazlal.
Qazlal was most pleased with you.
You visited 2 branches of the dungeon, and saw 10 of its levels.

You collected 381 gold pieces.

Inventory:

Hand Weapons
 a - a +0 trident
 t - a +0 glaive of freezing (weapon)
Missiles
 j - 6 javelins (quivered)
 o - 38 poisoned darts
 B - a throwing net
Armour
 b - a +0 scale mail (worn)
 c - a +0 kite shield (worn)
 f - a +0 pair of gloves (worn)
 u - a +0 cloak
 w - a +0 tower shield
 y - a scarf of shadows (worn)
Jewellery
 h - a +4 ring of protection (left hand)
 m - a +6 ring of intelligence
 s - a ring of resist corrosion (right hand)
 H - a ring of positive energy
Wands
 d - a wand of polymorph (2)
 A - a wand of flame (17)
 C - a wand of paralysis (7)
 D - a wand of charming (8)
 E - a wand of mindburst (8)
 J - a wand of iceblast (9)
Scrolls
 q - a scroll of magic mapping
 G - 2 scrolls of torment
 I - a scroll of identify
Potions
 e - 3 potions of attraction
 g - 2 potions of mutation
 i - a potion of berserk rage
 k - 3 potions of brilliance
 l - 2 potions of might
 n - a potion of ambrosia
 p - a potion of invisibility
 r - a potion of haste
 v - 3 potions of lignification
 x - 3 potions of magic
 z - a potion of resistance {unknown}
 F - a potion of flight {unknown}
 L - a potion of degeneration {unknown}
Miscellaneous
 K - a phantom mirror


   Skills:
 - Level 5.0 Fighting
 * Level 14.9 Polearms
 + Level 4.5 Throwing
 - Level 5.0 Armour
 - Level 7.0 Shields
 + Level 5.5 Invocations


You had 11 spell levels left.
You didn't know any spells.
Your spell library contained the following spells:

 Spells                   Type           Power      Damage    Failure   Level
 Poisonous Vapours        Pois/Air       0%         N/A       91%         2
 Conjure Flame            Conj/Fire      0%         6-21      99%         3
 Mephitic Cloud           Conj/Pois/Air  0%         N/A       99%         3
 Freezing Cloud           Conj/Ice/Air   0%         6-21      100%        6


Dungeon Overview and Level Annotations

Branches:
Dungeon (8/15)             Temple (0/1) D:7            Lair (2/6) D:8
  Swamp: Lair:2-4    Shoals: Lair:2-4     Snake: Lair:2-4    Spider: Lair:2-4

Altars:
Cheibriados
Gozag
Hepliaklqana
Kikubaaqudgha
Nemelex Xobeh
Qazlal
Ru
Uskayaw
The Shining One


Innate Abilities, Weirdness & Mutations

You cannot be hasted, slowed, berserked, paralysed or teleported.
You can dig through walls and to a lower floor.
You have a pair of large antennae on your head. (SInv)
Your four strong arms can wield two-handed weapons with a shield.


Message History

You hit the cane toad. You freeze the cane toad.
The cane toad is lightly wounded.
You block the cane toad's attack.
The blink frog blinks!
The cane toad stings you but does no damage.
You closely miss the cane toad.
The cane toad is lightly wounded.
The blink frog hits you!
The blink frog blinks!
You block the cane toad's attack.
You hit the cane toad but do no damage.
The cane toad is lightly wounded.
You hear the slow rumble of a distant avalanche of rocks.
The blink frog blinks!
The cane toad stings you.
You closely miss the cane toad.
The cane toad is lightly wounded.
You hear a croak.
You block the cane toad's attack. You block the blink frog's attack.
The cane toad barely misses you. You block the blink frog's attack.
The blink frog blinks!
You block the cane toad's attack. You block the blink frog's attack.
The blink frog blinks!
You barely miss the blink frog. You block the blink frog's attack.
The blink frog hits you.
The blink frog blinks!
The cane toad stings you!
* * * LOW HITPOINT WARNING * * *
You are poisoned.
The cane toad poisons you!
A blink frog comes into view.
The blink frog blinks!
You block the blink frog's attack.
* * * LOW HITPOINT WARNING * * *
You feel very sick.
The blink frog blinks!
Okay, then.
You fade into invisibility!
* * * LOW HITPOINT WARNING * * *
You feel very sick. You block the blink frog's attack.
The cane toad barely misses you.
You are very lightly contaminated with residual magic.
You feel better. The blink frog hits you!
* * * LOW HITPOINT WARNING * * *
You block the cane toad's attack. The blink frog hits you!
You die...

*,,,,,,,,,,,,,.≈≈≈≈≈≈≈≈≈≈.....
*,,,,,,,,,,,,,.≈≈≈≈≈≈≈≈≈≈.....
*,,,,,,.........≈≈≈≈≈≈≈≈......
*,,,,,,..........≈≈≈≈≈≈≈.....#
**,,,,,,...........≈≈≈≈......##
*,,,,,,,.........P...........##
*,,,,,,,,.........#....P.#.....
**,,*,**,,,#...$.FF...........#
*,,,,,,,,,,#.@F°.#.....##....#
**,,,,,,,,..#..F.#.......#....#
*,,,,,,,,........#.F.........##
**,,,,,,,.....F...#..........#,
**,,,,,,....#....##P....P....#,
**,,,,,,,.........####+#+.#.....
*,,,*,,**.##.#.....,,,,⌠........
*****,,,,,,........*,......#....
*,,,,,,,,,,,......#,......?.#...


You could see a cane toad and 4 blink frogs.

Vanquished Creatures
  A hydra (Lair:1)
  A two-headed ogre (D:8)
  Erica (D:8)
  Pikel (D:7)
  6 elephants (Lair:1)
  2 black mambas (Lair:1)
  Joseph (D:6)
  3 cane toads
  A komodo dragon (D:8)
  Prince Ribbit (D:6)
  Grinder (D:5)
  A hornet (D:7)
  Sigmund (D:3)
  6 yaks (D:8)
  A shadow (D:8)
  A basilisk (Lair:1)
  A wyvern (D:7)
  An acid dragon (D:8)
  4 water moccasins
  A sky beast (D:6)
  A black bear (D:8)
  An ogre (D:6)
  3 centaurs
  4 lemures
  A kobold brigand (D:7)
  Blork the orc (D:4)
  4 bullfrogs
  5 scorpions
  A water moccasin skeleton (D:4)
  6 killer bees
  An electric eel (Lair:2)
  A bullfrog zombie (D:5)
  3 hounds
  A centaur zombie (D:7)
  3 jellies
  2 orc priests
  A gnoll shaman (D:4)
  An iguana (D:7)
  Ijyb (D:4)
  Terence (D:2)
  11 gnolls
  2 howler monkey zombies
  8 adders
  A shadow imp (D:7)
  2 white imps
  An ufetubus (D:7)
  A dart slug (D:3)
  21 orcs
  15 ball pythons
  A bat (D:2)
  11 endoplasms
  6 goblins
  5 hobgoblins
  5 jackals (D:1)
  6 quokkas
  3 frilled lizards
  6 kobolds
  6 rats
189 creatures vanquished.

Vanquished Creatures (others)
  A human (D:6)
  12 fungi (D:8)
  14 plants
27 creatures vanquished.

Grand Total: 216 creatures vanquished

Notes
Turn   | Place    | Note
-------+----------+-------------------------------------------
     0 | D:1      | Delamore the Formicid Fighter began the quest for the Orb.
     0 | D:1      | Reached XP level 1. HP: 18/18 MP: 1/1
    90 | D:1      | Reached XP level 2. HP: 24/24 MP: 2/2
   388 | D:1      | Reached XP level 3. HP: 26/29 MP: 3/3
   583 | D:1      | Reached skill level 3 in Polearms
  1155 | D:2      | Found a faded altar of an unknown god.
  1176 | D:2      | Became a worshipper of Qazlal Stormbringer
  1176 | D:2      | Reached * piety under Qazlal
  1250 | D:2      | Reached XP level 4. HP: 36/37 MP: 4/4
  1310 | D:2      | Noticed Terence
  1328 | D:2      | Killed Terence
  1620 | D:2      | Reached XP level 5. HP: 39/42 MP: 5/5
  2027 | D:3      | Found a sacrificial altar of Ru.
  2074 | D:3      | Found a glowing golden altar of the Shining One.
  2099 | D:3      | Reached skill level 4 in Polearms
  2127 | D:3      | Found a hazy altar of Hepliaklqana.
  2131 | D:3      | Noticed Sigmund
  2141 | D:3      | Killed Sigmund
  2142 | D:3      | Reached skill level 5 in Shields
  2142 | D:3      | Reached XP level 6. HP: 16/50 MP: 6/6
  2401 | D:3      | Reached ** piety under Qazlal
  2646 | D:3      | Reached skill level 5 in Polearms
  2900 | D:4      | Noticed Ijyb
  2924 | D:4      | Killed Ijyb
  2925 | D:4      | Reached skill level 5 in Fighting
  3032 | D:4      | Noticed Blork the orc
  3044 | D:3      | Reached XP level 7. HP: 56/56 MP: 7/7
  3148 | D:4      | Killed Blork the orc
  3159 | D:4      | Reached skill level 6 in Polearms
  3575 | D:4      | Found a hide-covered altar of Uskayaw.
  3808 | D:4      | Found a snail-covered altar of Cheibriados.
  3854 | D:5      | Entered Level 5 of the Dungeon
  4105 | D:5      | Reached skill level 7 in Polearms
  4105 | D:5      | Reached XP level 8. HP: 62/62 MP: 8/8
  4702 | D:5      | Reached skill level 8 in Polearms
  5726 | D:6      | Reached skill level 9 in Polearms
  5759 | D:6      | Noticed Grinder
  5785 | D:5      | Killed Grinder
  5786 | D:5      | Reached XP level 9. HP: 68/68 MP: 9/9
  5896 | D:6      | Reached skill level 10 in Polearms
  5996 | D:6      | Found a sparkling altar of Nemelex Xobeh.
  6149 | D:6      | Reached *** piety under Qazlal
  6241 | D:6      | Found an ancient bone altar of Kikubaaqudgha.
  6856 | D:7      | Noticed Pikel
  7054 | D:7      | Killed Pikel
  7127 | D:7      | Noticed Joseph
  7131 | D:7      | Noticed Prince Ribbit
  7377 | D:6      | Killed Prince Ribbit
  7378 | D:6      | Reached skill level 11 in Polearms
  7493 | D:6      | Killed Joseph
  7494 | D:6      | Reached skill level 5 in Armour
  7494 | D:6      | Reached XP level 10. HP: 58/74 MP: 10/10
  8162 | D:7      | Found a staircase to the Ecumenical Temple.
  8209 | D:8      | Noticed Erica
  8220 | D:8      | Killed Erica
  8221 | D:8      | Reached skill level 12 in Polearms
  8535 | D:8      | Noticed a two-headed ogre
  8544 | D:8      | Killed a two-headed ogre
  8545 | D:8      | Reached skill level 13 in Polearms
  8622 | D:8      | Found an opulent altar of Gozag.
  8730 | D:8      | Noticed a komodo dragon
  8732 | D:8      | Killed a komodo dragon
  8733 | D:8      | Reached XP level 11. HP: 68/79 MP: 11/11
  8783 | D:8      | Found a staircase to the Lair.
  8945 | D:8      | Reached skill level 1 in Invocations
  9187 | D:8      | Reached skill level 1 in Throwing
  9475 | Lair:1   | Entered Level 1 of the Lair of Beasts
  9480 | Lair:1   | Reached **** piety under Qazlal
  9481 | Lair:1   | Reached skill level 14 in Polearms
  9742 | Lair:1   | Found an ancient bone altar of Kikubaaqudgha.
  9853 | Lair:1   | Noticed an elephant
  9854 | Lair:1   | Noticed an elephant
  9854 | Lair:1   | Noticed an elephant
  9863 | Lair:1   | Noticed an elephant
  9895 | Lair:1   | Killed an elephant
  9899 | Lair:1   | Killed an elephant
  9901 | Lair:1   | Noticed an elephant
  9903 | Lair:1   | Killed an elephant
  9906 | Lair:1   | Noticed an elephant
  9909 | Lair:1   | Killed an elephant
  9915 | Lair:1   | Noticed a four-headed hydra
  9922 | Lair:1   | Killed an elephant
  9936 | Lair:1   | Killed an eight-headed hydra
  9937 | Lair:1   | Reached skill level 5 in Invocations
  9948 | Lair:1   | Killed an elephant
 10290 | Lair:1   | Reached XP level 12. HP: 41/86 MP: 14/16
 11200 | Lair:2   | Slain by a blink frog

Illustrated notes

Levels and vault maps discovered:
D:1:      amcnicky_arrival_wind_blow, layout_basic
D:2:      layout_basic, shapermc_ecumenical_altar_totnotflames,
          amcnicky_mini_corridor_feature, uniq_terence
D:3:      layout_rooms, nicolae_overflow_crystal_walls, lemuel_round_altar,
          nicolae_ru_sacrificial_ziggurat, uniq_sigmund
D:4:      layout_gridville, kennysheep_little_box,
          eat_drink_and_be_merry_uskayaw, minmay_misc_feat_plants,
          chequers_garden, uniq_blork_the_orc, uniq_ijyb
D:5:      layout_basic
D:6:      layout_loops_cross, tgw_kikubaaqudgha, old_standard_altar,
          grunt_decor_clamped, uniq_grinder
D:7:      layout_rooms, lemuel_temple_firewalk_a, uniq_pikel, uniq_joseph,
          uniq_prince_ribbit1
D:8:      layout_gridville, grunt_gozag_statues, due_lair_maze_entry_diamond,
          uniq_erica
Lair:1:   layout_regular_city, basic_altar, grunt_megastairs_4
Lair:2:   layout_regular_city, enter_volcano_3, minivault_19,
          minmay_lair_oklob_chamber, grunt_megastairs_5,
          infiniplex_staircase_pool

Skill      XL: |  1  2  3  4  5  6  7  8  9 10 11 |
---------------+----------------------------------+-----
Shields        | 4 5 6 7 |  7.0
Polearms       | 3 4 5 7 9 11 13 14 | 14.9
Fighting       | 4 5 |  5.0
Armour         | 5 |  5.0
Invocations    | 5 |  5.5
Throwing       | 4 |  4.5

Action                   |  1- 3 |  4- 6 |  7- 9 | 10-12 || total
-------------------------+-------+-------+-------+-------++-------
Melee: Trident           |   103 |   149 |   360 |   128 ||   740
       Unarmed           |       |    14 |       |       ||    14
       Glaive            |       |       |       |   148 ||   148
Throw: Javelin           |       |     5 |    13 |     5 ||    23
Invok: Upheaval          |       |       |       |     3 ||     3
 Abil: Dig               |       |     3 |     3 |     2 ||     8
Evoke: Wand              |       |       |     1 |     2 ||     3
  Use: Scroll            |     5 |     3 |     4 |    10 ||    22
       Potion            |       |     1 |     1 |     3 ||     5
 Stab: Paralysed         |       |       |     1 |       ||     1
Armor: Scale mail        |    41 |    33 |   101 |    50 ||   225
       Skin              |       |     2 |       |       ||     2
Dodge: Dodged            |    38 |    27 |    89 |    45 ||   199
Block: Kite shield       |    52 |    72 |   257 |   167 ||   548

Table legend: (Time is in decaauts)
 A = Elapsed time spent in this place.
 B = Non-inter-level travel time spent in this place.
 C = Inter-level travel time spent in this place.
 D = Time resting spent in this place.
 E = Time spent auto-exploring this place.
 F = Levels seen in this place.
 G = Mean time per level.
                   A        B        C        D        E       F      G
               +--------+--------+--------+--------+--------+-----+--------+
         Total |  11272 |  10974 |    298 |   2264 |   6927 |  10 | 1127.2 |
       Dungeon |   9539 |   9252 |    287 |   1855 |   5849 |   8 | 1192.4 |
          Lair |   1733 |   1722 |     11 |    409 |   1078 |   2 |  866.5 |
               +--------+--------+--------+--------+--------+-----+--------+

Top non-repeatable levels by time:
     D:6: 1629 daAuts
     D:5: 1510 daAuts
  Lair:1: 1472 daAuts
     D:4: 1436 daAuts
     D:8: 1267 daAuts
     D:1: 1172 daAuts
     D:3: 897 daAuts
     D:2: 896 daAuts
     D:7: 729 daAuts
  Lair:2: 260 daAuts
